 Dungeon Crawl Stone Soup version 0.19-a0-743-ge0d55e4 (webtiles) character file.

37 Gate88 the Firebug (level 3, -8/19 HPs)
             Began as a Deep Elf Fire Elementalist on June 24, 2016.
             Engulfed by a cloud of steam (9 damage)
             ... on level 1 of the Dungeon.
             The game lasted 00:04:00 (1154 turns).

Gate88 the Firebug (Deep Elf Fire Elementalist)     Turns: 1154, Time: 00:04:01

Health: -8/19      AC:  2    Str:  6    XL:     3   Next: 21%
Magic:  2/9        EV: 13    Int: 19    God:
Gold:   40         SH:  0    Dex: 15    Spells: 2 memorised, 5 levels left

rFire  . . .     SeeInvis .     (no weapon)
rCold  . . .     Gourm    .     j - +0 robe (curse)
rNeg   . . .     Faith    .     (no shield)
rPois  .         Spirit   .     (no helmet)
rElec  .         Dismiss  .     (no cloak)
rCorr  .         Reflect  .     (no gloves)
SustAt .         Harm     .     (no boots)
MR     .....                    (no amulet)
Stlth  +.........               (no ring)
                                (no ring)

@: very slightly contaminated, not resistant to hostile enchantments, very
unstealthy
A: no striking features
a: no special abilities


You were on level 1 of the Dungeon.
You were hungry.

You visited 1 branch of the dungeon, and saw 2 of its levels.

You collected 40 gold pieces.

Inventory:

Armour
 j - a cursed +0 robe (worn)
Scrolls
 f - a scroll of teleportation {unknown}
 g - 4 scrolls of identify {unknown}
 i - a scroll of remove curse {unknown}
Potions
 a - a potion of invisibility {unknown}
 e - a potion of magic {unknown}
 h - a potion of degeneration {unknown}
Books
 b - a book of Flames

   Spells                             Type                      Level
   a - Flame Tongue                   Conjuration/Fire             1
   b - Throw Flame                    Conjuration/Fire             2
   c - Conjure Flame                  Conjuration/Fire             3
   d - Inner Flame                    Hexes/Fire                   3
   e - Sticky Flame                   Conjuration/Fire             4
   f - Fireball                       Conjuration/Fire             5
Comestibles
 c - a bread ration
 d - a chunk of flesh
 k - a beef jerky


   Skills:
 - Level 2.4 Dodging
 - Level 2.4 Stealth
 - Level 3.0 Spellcasting
 + Level 2.6 Conjurations
 + Level 4.0 Fire Magic


You had 5 spell levels left.
You knew the following spells:

 Your Spells              Type           Power        Failure   Level  Hunger
a - Flame Tongue          Conj/Fire      ###..        4%          1    None
b - Throw Flame           Conj/Fire      ###...       8%          2    ##.....


Dungeon Overview and Level Annotations

Branches:
Dungeon (2/15)

Altars:

Annotations:
D:1 Ijyb


Message History

* * * LOW HITPOINT WARNING * * *
Casting: Flame Tongue
Confirm with . or Enter, or press ? or * to list all spells.
Aiming: Flame Tongue
Press: ? - help, Shift-Dir - straight line, f/p - Ijyb
Aim: Ijyb, wearing a glowing scale mail (heavily wounded)
The flame tongue hits Ijyb.
Ijyb appears unharmed.
Ijyb is heavily wounded.
The plant is engulfed in a cloud of scalding steam.
Ijyb closely misses you.
Some of the chunks of flesh in your inventory have rotted away.
Casting: Flame Tongue
Confirm with . or Enter, or press ? or * to list all spells.
Aiming: Flame Tongue
Press: ? - help, Shift-Dir - straight line, f/p - Ijyb
Aim: Ijyb, wearing a glowing scale mail (steam, heavily wounded)
The flame tongue hits Ijyb.
Ijyb appears unharmed.
Ijyb is heavily wounded.
You are engulfed in a cloud of scalding steam.
You die...

..##..P...## ##..##.##.#.#.#.#
P≈P#......#######......##.#.#....
≈P.#..#÷.###........##+##.#.###.#
≈≈P..##..##..###...##...#.#.# #.#
≈PP..##.##..## #.####...#.#.###.#
PPP#.##....## ##.# #...#.#.....#
≈P##.#...### ♣P.♣ #...#.#######
..........# ♣Pg♣♣ #...#.....#
#########.# ♣♣@P♣ #...#####.### #
#.# ♣≈≈♣♣ #♣..'...#...# #.♣♣
♣♣.♣♣♣♣♣♣.###.#.###
#..♣♣♣♣≈≈≈P♣P♣♣...#.#....
#..≈≈≈≈.≈..≈≈≈..#.#.#####
##♣≈♣.≈≈≈≈♣PP♣≈.#.......#
♣♣♣♣♣♣≈♣♣♣♣♣♣####.###.#
♣♣≈≈♣♣♣.......# #.#
♣≈≈≈♣♣..#########.#


You could see Ijyb.

Vanquished Creatures
  An adder (D:2)
  An ooze (D:1)
  7 bats
  2 giant cockroaches (D:1)
  4 goblins (D:1)
  3 hobgoblins (D:1)
  3 rats (D:1)
21 creatures vanquished.

Notes
Turn   | Place    | Note
--------------------------------------------------------------
     0 | D:1      | Gate88 the Deep Elf Fire Elementalist began the quest for the Orb.
     0 | D:1      | Reached XP level 1. HP: 10/10 MP: 6/6
   176 | D:1      | Reached XP level 2. HP: 15/15 MP: 5/8
   600 | D:1      | Learned a level 2 spell: Throw Flame
   923 | D:2      | Noticed Ijyb
   928 | D:2      | Reached skill level 4 in Fire Magic
   928 | D:2      | Reached XP level 3. HP: 16/19 MP: 5/9
  1154 | D:1      | Engulfed by a cloud of steam

Vault maps used:
D:1:      denvon_arrival_planthouse, serial_bayou, serial_bayou_lagoon_a,
          serial_bayou_pond_a, serial_bayou_pond_b, serial_bayou_crossing,
          serial_bayou_pond_c
D:2:      lightli_temple_of_fire, nicolae_overflow_hidden_temple, uniq_iyjb

Skill      XL: |  1  2 |
---------------+-------+-----
Conjurations   | 2 |  2.6
Fire Magic     | 4 |  4.0
Dodging        | |  2.4
Stealth        | |  2.4
Spellcasting   | |  3.0

Action                   || total
-------------------------++-------
Melee: Unarmed           ||     7
 Cast: Flame Tongue      ||    48
       Throw Flame       ||     3
Armor: Robe              ||    10
Dodge: Dodged            ||    32
